 Dungeon Crawl Stone Soup version 0.26.1-11-gd32895ea62 (webtiles) character file.

Game seed: 12194420750575779952

149 phalm the Chiller (level 5, -2/37 HPs)
             Began as a Gnoll Ice Elementalist on June 12, 2021.
             Slain by Grinder (6 damage)
             ... on level 3 of the Dungeon.
             The game lasted 00:07:12 (2462 turns).

phalm the Chiller (Gnoll Ice Elementalist)          Turns: 2462, Time: 00:07:12

Health: -2/37      AC:  9    Str: 11    XL:     5   Next: 31%
Magic:  5/12       EV: 15    Int: 18    God:
Gold:   125        SH:  0    Dex: 15    Spells: 7/14 levels left

rFire    . . .     SeeInvis .   m - +2 club (spect)
rCold    . . .     Faith    .   (no shield)
rNeg     . . .     Spirit   .   a - +0 robe
rPois    .         Reflect  .   (no helmet)
rElec    .         Harm     .   i - scarf {+Inv}
rCorr    .         Rampage  .   (no gloves)
Will     .....                  (no boots)
Stlth    +++.......             g - amulet of regeneration
HPRegen  0.52/turn              (no ring)
MPRegen  0.13/turn              (no ring)

@: brilliant, icy armour, frozen ramparts, flying
A: distributed training, fangs 1, strong nose
a: Evoke Invisibility


You were on level 3 of the Dungeon.
You visited 1 branch of the dungeon, and saw 3 of its levels.

You collected 125 gold pieces.


Innate Abilities, Weirdness & Mutations

Your experience applies equally to all skills.
You have very sharp teeth.
Your uncanny sense of smell can sniff out nearby items.


   Skills:
 + Level 1.4 Fighting
 + Level 1.4 Short Blades
 + Level 1.4 Long Blades
 + Level 1.4 Axes
 + Level 1.4 Maces & Flails
 + Level 1.4 Polearms
 + Level 1.4 Staves
 + Level 1.4 Slings
 + Level 1.4 Bows
 + Level 1.4 Crossbows
 + Level 1.4 Throwing
 + Level 1.4 Armour
 + Level 4.7 Dodging
 + Level 4.4 Stealth
 + Level 1.4 Shields
 + Level 1.4 Unarmed Combat
 + Level 5.2 Spellcasting
 + Level 1.1 Conjurations
 + Level 1.1 Hexes
 + Level 1.1 Summonings
 + Level 1.1 Necromancy
 + Level 1.1 Translocations
 + Level 1.1 Transmutations
 + Level 1.1 Fire Magic
 + Level 7.2 Ice Magic
 + Level 1.1 Air Magic
 + Level 1.1 Earth Magic
 + Level 1.1 Poison Magic
 + Level 1.6 Invocations
 + Level 1.4 Evocations


You had 7 spell levels left.
You knew the following spells:

 Your Spells              Type           Power        Failure   Level
f - Freeze                Ice            100%         1%          1
o - Ozocubu's Armour      Ice            45%          1%          3
r - Frozen Ramparts       Ice            90%          1%          3

Your spell library contained the following spells:

 Spells                   Type           Power        Failure   Level
 Hailstorm                Conj/Ice       29%          24%         4
 Summon Ice Beast         Ice/Summ       29%          24%         4

Inventory:

Hand Weapons
 m - a +2 spectral club (weapon)
   (You took it off Ijyb on level 2 of the Dungeon)
Missiles
 c - 78 stones (quivered)
 d - 15 bolts
 l - a throwing net {=f!f}
Armour
 a - a +0 robe (worn)
 i - a scarf of invisibility (worn)
   (You found it on level 1 of the Dungeon)
Jewellery
 g - an amulet of regeneration (around neck)
   (You found it on level 2 of the Dungeon)
Wands
 j - a wand of acid (10)
   (You took it off Ijyb on level 2 of the Dungeon)
Scrolls
 b - 2 scrolls of enchant armour {unknown}
 e - 7 scrolls of identify {unknown}
 h - 2 scrolls of immolation {unknown}
 k - a scroll of random uselessness {unknown}
 o - a scroll of teleportation {unknown}

Dungeon Overview and Level Annotations

Branches:
Dungeon (3/15)

Altars:
Ru

Annotations:
D:3 Grinder

#... #..# #..#
#..####.###
#.<........
###..(######
#..((...# ∆
#.###.#[#
#.#..(5@#
...............
.#..(.....#(....
###(?......#
.... #......(.#
.(( ###....#.#
## #.... .#
#.... .#


You could see Grinder and a friendly +2 spectral club (summoned).


Message History

The wall freezes Grinder but does no damage.
Grinder gestures at you. You resist with significant effort.
You barely miss Grinder.
Your spectral weapon barely misses Grinder.
Grinder completely resists.
The wall freezes Grinder but does no damage.
Grinder gestures at you.
You suddenly lose the ability to move!
Grinder completely resists.
The wall freezes Grinder but does no damage.
Grinder hits you.
Your spectral weapon fades away.
Grinder resists.
The wall freezes Grinder.
Grinder hits you.
You writhe in agony.
Grinder completely resists.
The wall freezes Grinder but does no damage.
Grinder hits you.
* * * LOW HITPOINT WARNING * * *
You writhe in agony.
* * * LOW HITPOINT WARNING * * *
The frozen ramparts melt away.
Grinder blinks!
You can move again. 😨 HP[-18] MP[+1]
You take 18 damage, and now have 12/37 hp.
MASSIVE DAMAGE!! (PAUSE)
Your icy armour will break if you move.
Continue?
Okay, then.
It was a potion of brilliance.
You feel clever all of a sudden. 😨 HP[+1] It was a potion of flight.
You feel very buoyant.
You fly up into the air.
You are too injured to fight recklessly!
Throw: 82 stones
Press: ? - help, Q - select action, (/) - cycle Shift-Dir - straight line, f - Grinder
Aim: Grinder (heavily wounded, 53% to hit)
You throw a stone.
The stone hits Grinder but does no damage. 😨 HP[+1] Throw: 81 stones
Press: ? - help, Q - select action, (/) - cycle Shift-Dir - straight line, f/p - Grinder
Aim: Grinder (heavily wounded, 53% to hit)
You throw a stone.
The stone hits Grinder but does no damage.
Grinder blinks! 😨 MP[+1]
Casting: Frozen Ramparts (safe; 1% risk of failure)
Confirm with . or Enter, or press ? or * to list all spells.
Okay, then.
Grinder is nearby! 😨 HP[+1] Throw: 80 stones
Press: ? - help, Q - select action, (/) - cycle Shift-Dir - straight line, f/p - Grinder
Aim: Grinder (heavily wounded, 53% to hit)
You throw a stone.
The stone hits Grinder but does no damage.
Grinder gestures at you. Pain shoots through your body!
* * * LOW HITPOINT WARNING * * *
😨 HP[-1]
You take 1 damage, and now have 14/37 hp.
Throw: 79 stones
Press: ? - help, Q - select action, (/) - cycle Shift-Dir - straight line, f/p - Grinder
Aim: Grinder (moderately wounded, 53% to hit)
You throw a stone. The stone hits Grinder.
Casting: Frozen Ramparts (safe; 1% risk of failure)
Confirm with . or Enter, or press ? or * to list all spells.
Casting: Frozen Ramparts (safe; 1% risk of failure)
Press: ? - help, Dir - look around, f - activate You feel a surge of power!
The walls around you are covered in ice.
Grinder resists.
The wall freezes Grinder. 😨 HP[+1] MP[-2]
You lost 2 mp, and now have 4/12 mp.
You hit Grinder.
You draw out your weapon's spirit!
Grinder completely resists.
The wall freezes Grinder but does no damage.
Grinder gestures at you.
You barely resist. You barely miss Grinder.
Your spectral weapon hits Grinder.
Grinder completely resists.
The wall freezes Grinder but does no damage.
Grinder gestures at you.
You resist with significant effort. 😨 HP[+1] MP[+1]
You hit Grinder.
Your spectral weapon hits Grinder.
Grinder resists.
The wall freezes Grinder.
Grinder hits you!
* * * LOW HITPOINT WARNING * * *
You writhe in agony.
* * * LOW HITPOINT WARNING * * *
😱 HP[-9]
You take 9 damage, and now have 7/37 hp.
MASSIVE DAMAGE!! (PAUSE)
You hit Grinder but do no damage. You bite Grinder, but do no damage.
Your spectral weapon hits Grinder.
Grinder resists.
The wall freezes Grinder.
Grinder hits you.
* * * LOW HITPOINT WARNING * * *
You writhe in agony.
You die...

Skill      XL: |  1  2  3  4 |
---------------+-------------+-----
Spellcasting   | 5 |  5.2
Invocations    | 1 |  1.6
Fighting       | 1 |  1.4
Short Blades   | 1 |  1.4
Long Blades    | 1 |  1.4
Axes           | 1 |  1.4
Maces & Flails | 1 |  1.4
Polearms       | 1 |  1.4
Staves         | 1 |  1.4
Slings         | 1 |  1.4
Bows           | 1 |  1.4
Crossbows      | 1 |  1.4
Throwing       | 1 |  1.4
Armour         | 1 |  1.4
Shields        | 1 |  1.4
Unarmed Combat | 1 |  1.4
Evocations     | 1 |  1.4
Conjurations   | 1 |  1.1
Hexes          | 1 |  1.1
Summonings     | 1 |  1.1
Necromancy     | 1 |  1.1
Translocations | 1 |  1.1
Transmutations | 1 |  1.1
Fire Magic     | 1 |  1.1
Air Magic      | 1 |  1.1
Earth Magic    | 1 |  1.1
Poison Magic   | 1 |  1.1
Dodging        | |  4.7
Stealth        | |  4.4
Ice Magic      | |  7.2

Action                   |  1- 3 |  4- 6 || total
-------------------------+-------+-------++-------
Melee: Short sword       |    11 |    39 ||    50
       Bite              |       |     6 ||     6
       Club              |       |    15 ||    15
Throw: Stone             |   106 |    72 ||   178
 Cast: Freeze            |    24 |     4 ||    28
       Frozen Ramparts   |     5 |     9 ||    14
       Ozocubu's Armour  |       |     5 ||     5
  Use: Potion            |       |     4 ||     4
 Stab: Sleeping          |     1 |     1 ||     2
       Invisible         |       |     3 ||     3
Armor: Robe              |     8 |    13 ||    21
Dodge: Dodged            |    24 |    43 ||    67

Levels and vault maps discovered:
D:1:      giann_horns, layout_basic, minmay_vboxes
D:2:      kennysheep_the_goblin_king, layout_basic, hangedman_ru_absence
D:3:      layout_loops_cross, minmay_distorted, uniq_jessica, uniq_grinder

Notes
Turn   | Place    | Note
-------+----------+-------------------------------------------
     0 | D:1      | phalm the Gnoll Ice Elementalist began the quest for the
                  | Orb.
     0 | D:1      | Reached XP level 1. HP: 13/13 MP: 6/6
     0 | D:1      | magus.rc [v1.9.10]
   184 | D:1      | Reached XP level 2. HP: 18/19 MP: 5/7
   419 | D:1      | Reached XP level 3. HP: 25/25 MP: 6/9
   423 | D:1      | Learned a level 3 spell: Frozen Ramparts
   427 | D:1      | Learned a level 3 spell: Ozocubu's Armour
   459 | D:1      | Reached skill level 5 in Spellcasting
   691 | D:1      | Reached skill level 1 in Invocations
   927 | D:1      | Reached skill level 1 in Fighting
   927 | D:1      | Reached skill level 1 in Short Blades
   927 | D:1      | Reached skill level 1 in Long Blades
   927 | D:1      | Reached skill level 1 in Axes
   927 | D:1      | Reached skill level 1 in Maces & Flails
   927 | D:1      | Reached skill level 1 in Polearms
   927 | D:1      | Reached skill level 1 in Staves
   927 | D:1      | Reached skill level 1 in Slings
   927 | D:1      | Reached skill level 1 in Bows
   927 | D:1      | Reached skill level 1 in Crossbows
   927 | D:1      | Reached skill level 1 in Throwing
   927 | D:1      | Reached skill level 1 in Armour
   927 | D:1      | Reached skill level 1 in Shields
   927 | D:1      | Reached skill level 1 in Unarmed Combat
   927 | D:1      | Reached skill level 1 in Evocations
  1195 | D:2      | Reached XP level 4. HP: 24/32 MP: 7/11
  1302 | D:2      | Found a sacrificial altar of Ru.
  1418 | D:2      | Reached skill level 1 in Conjurations
  1418 | D:2      | Reached skill level 1 in Hexes
  1418 | D:2      | Reached skill level 1 in Summonings
  1418 | D:2      | Reached skill level 1 in Necromancy
  1418 | D:2      | Reached skill level 1 in Translocations
  1418 | D:2      | Reached skill level 1 in Transmutations
  1418 | D:2      | Reached skill level 1 in Fire Magic
  1418 | D:2      | Reached skill level 1 in Air Magic
  1418 | D:2      | Reached skill level 1 in Earth Magic
  1418 | D:2      | Reached skill level 1 in Poison Magic
  2127 | D:2      | Noticed Ijyb
  2135 | D:2      | Reached XP level 5. HP: 37/37 MP: 5/12
  2155 | D:2      | Killed Ijyb
  2428 | D:3      | Noticed Grinder
  2445 | D:3      | Paralysed by Grinder for 5 turns
  2461 | D:3      | HP: 9/37 [Grinder (8)]
  2462 | D:3      | HP: 4/37 [Grinder (3)]
  2462 | D:3      | Slain by Grinder

Vanquished Creatures
  A centaur zombie (D:2)
  Ijyb (D:2)
  An ooze (D:1)
  2 worms (D:2)
  7 dart slugs
  2 leopard geckos (D:1)
  An orc (D:2)
  2 bats
  3 giant cockroaches
  10 goblins
  13 hobgoblins
  3 jackals (D:1)
  2 ball pythons
  A frilled lizard (D:2)
  10 kobolds
59 creatures vanquished.

Vanquished Creatures (others)
  A goblin (D:2)
1 creature vanquished.

Grand Total: 60 creatures vanquished

Table legend:
 A = Non-vault XP
 B = Vault XP
 C = Vault XP percentage of total XP
 D = Non-vault monster count
 E = Vault monster count
 F = Vault count percentage of total count
                 A         B        C        D         E       F
            +---------+---------+-------+---------+---------+-------
      Total |     157 |      56 |  26.3 |      49 |      11 |  18.3
            +---------+---------+-------+---------+---------+-------
        D:1 |      67 |       9 |  11.8 |      27 |       4 |  12.9
        D:2 |      90 |      47 |  34.3 |      22 |       7 |  24.1
            +---------+---------+-------+---------+---------+-------

Illustrated notes

Table legend:
 A = Kills in this place as a percentage of kills in entire the game.
 B = Kills by you in this place as a percentage of kills by you in the entire game.
 C = Kills by friends in this place as a percentage of kills by friends in the entire game.
 D = Other kills in this place as a percentage of other kills in the entire game.
 E = Experience gained in this place as a percentage of experience gained in the entire game.
 F = Experience gained in this place divided by the number of levels of this place that you have seen.
                   A       B       C       D       E      F
               +-------+-------+-------+-------+-------+----------------------
         Total | 100.0 | 100.0 |   N/A | 100.0 | 100.0 |  71.0
       Dungeon | 100.0 | 100.0 |   N/A | 100.0 | 100.0 |  71.0
               +-------+-------+-------+-------+-------+----------------------

Table legend: (Time is in decaauts)
 A = Elapsed time spent in this place.
 B = Non-inter-level travel time spent in this place.
 C = Inter-level travel time spent in this place.
 D = Time resting spent in this place.
 E = Time spent auto-exploring this place.
 F = Levels seen in this place.
 G = Mean time per level.
                   A        B        C        D        E       F      G
               +--------+--------+--------+--------+--------+-----+--------+
         Total |   2475 |   2391 |     84 |     11 |   1898 |   3 |  825.0 |
       Dungeon |   2475 |   2391 |     84 |     11 |   1898 |   3 |  825.0 |
               +--------+--------+--------+--------+--------+-----+--------+

Top non-repeatable levels by time:
     D:2: 1243 daAuts
     D:1: 1190 daAuts
     D:3: 41 daAuts
